 Dungeon Crawl Stone Soup version 0.31-a0-1549-g5ff9445e89 (webtiles) character file.

Game seed: 11431419750184682339

53 Taul the Charlatan (level 3, 0/26 HPs)
             Began as a Demonspawn Artificer on Jan 2, 2024.
             Slain by an orc
             ... wielding a +0 mace
              (7 damage)
             ... on level 3 of the Dungeon.
             The game lasted 00:20:07 (938 turns).

Taul the Charlatan (Demonspawn Artificer)            Turns: 938, Time: 00:20:08

Health: 0/26       AC:  8    Str: 14    XL:     3   Next: 64%
Magic:  3/3        EV:  6    Int: 11    God:
Gold:   84         SH:  4    Dex: 13    Spells: 2/2 levels left

rFire   . . .        f - +0 short sword
rCold   . . .        p - +0 buckler
rNeg    . . .        q - +0 chain mail
rPois   .            (no helmet)
rElec   .            (no cloak)
rCorr   .            (no gloves)
SInv    .            (no boots)
Will    .....        (no amulet) Stlth
                     (no ring)
HPRegen 0.24/turn    (no ring)
MPRegen 0.16/turn

%: no passive effects
@: no status effects
A: magic regeneration
a: no special abilities


You were on level 3 of the Dungeon.
You visited 1 branch of the dungeon, and saw 3 of its levels.

You collected 84 gold pieces.

Inventory:

Hand Weapons
 a - a +0 club
 f - a +0 short sword (weapon)
 h - a +0 dagger
 k - a +0 dagger
 l - a +0 dagger
 n - a +0 dagger
 r - a +0 hand axe
Missiles
 g - 2 poisoned darts (quivered)
Armour
 b - a +0 leather armour
 i - a +0 leather armour
 p - a +0 buckler (worn)
 q - a +0 chain mail (worn)
Wands
 c - a wand of flame (6)
 d - a wand of charming (15)
 e - a wand of iceblast (5)
Scrolls
 j - a scroll of vulnerability {unknown}
 o - a scroll of amnesia {unknown}
 s - a scroll of teleportation {unknown}
Potions
 m - 2 potions of mutation {unknown}


   Skills:
 + Level 1.1 Fighting
 + Level 1.0 Short Blades
 + Level 0.1 Throwing
 + Level 2.0 Armour
 + Level 1.1 Dodging
 + Level 1.1 Stealth
 + Level 4.0 Evocations


You had 2 spell levels left.
You didn't know any spells.
Your spell library was empty.

Dungeon Overview and Level Annotations

Branches:
Dungeon (3/15)

Altars:
Cheibriados


Innate Abilities, Weirdness & Mutations

You regenerate magic rapidly.


Message History

The orc priest shouts!
An orc comes into view. It is wielding a +0 short sword.
Throw: 4 darts (poison)
Press: ? - help, Q - select action, (/) - cycle Shift-Dir - straight line, f - orc
Aim: an orc, wielding a +0 dagger (52% to hit)
You throw a poisoned dart.
The poisoned dart closely misses the orc.
The poisoned dart hits the orc.
The orc is poisoned.
The orc priest looks encouraged for a moment.
Throw: 3 darts (poison)
Press: ? - help, Q - select action, (/) - cycle Shift-Dir - straight line, f/p - orc
Aim: an orc, wielding a +0 dagger (52% to hit)
You throw a poisoned dart. The poisoned dart hits the orc.
The orc is poisoned.
The orc hits you but does no damage.
The orc priest mumbles some strange prayers to Beogh against you.
Beogh smites you!
Ouch! That really hurt!
Unknown command.
You hit the orc.
The orc is lightly wounded.
You hit the orc but do no damage.
The orc looks more healthy.
The orc hits you with a +0 dagger. The orc hits you with a +0 mace.
* * * LOW HITPOINT WARNING * * *
You hit the orc.
The orc is moderately wounded.
The orc hits you but does no damage. You block the orc's attack.
You hit the orc but do no damage.
The orc is heavily wounded.
The orc hits you but does no damage. You block the orc's attack.
You hit the orc but do no damage.
The orc is severely wounded.
The orc barely misses you. x2
The orc priest miscasts a cantrip.
You hit the orc but do no damage.
The orc is severely wounded.
The orc looks more healthy.
The orc hits you but does no damage. x2
You hit the orc but do no damage.
The orc is severely wounded.
The orc barely misses you. The orc hits you with a +0 mace!
You die...

#
.###.####
..>.ooo@#
.###.##o#
#.# #.#
#.# #.#
#.# #.#
#.###


You could see an orc priest and 3 orcs.

Vanquished Creatures
  Terence (D:2)
  3 goblins (D:1)
  2 hobgoblins (D:1)
  7 jackals (D:1)
  A kobold (D:1)
  A quokka (D:3)
  3 ball pythons (D:1)
  4 frilled lizards
  4 rats
26 creatures vanquished.

Notes
Turn   | Place    | Note
-------+----------+-------------------------------------------
     0 | D:1      | Taul the Demonspawn Artificer began the quest for the Orb.
     0 | D:1      | Reached XP level 1. HP: 15/15 MP: 1/1
   140 | D:1      | Gained mutation: You regenerate magic rapidly. [demonic
                  | ancestry]
   140 | D:1      | Reached XP level 2. HP: 14/21 MP: 2/2
   144 | D:1      | Reached skill level 1 in Dodging
   758 | D:2      | Found a snail-covered altar of Cheibriados.
   761 | D:2      | Noticed Terence
   781 | D:2      | Killed Terence
   782 | D:2      | Reached skill level 1 in Short Blades
   782 | D:2      | Reached skill level 1 in Stealth
   782 | D:2      | Reached skill level 4 in Evocations
   782 | D:2      | Reached XP level 3. HP: 17/26 MP: 3/3
   938 | D:3      | Slain by an orc

Illustrated notes

Levels and vault maps discovered:
D:1:      dpeg_arrival_arbitrary_c, layout_basic
D:2:      minmay_wonky_spiral, layout_basic, basic_altar, hex_tiny,
          due_unseen_surprise, uniq_terence, uniq_natasha
D:3:      layout_basic, nicolae_elyvilon_temple_path,
          gammafunk_ghost_gnarly_gnolls, minmay_misc_feat_room,
          dk_noncrumbling_3, dk_noncrumbling_4, kennysheep_generic_room_11

Skill      XL: |  1  2 |
---------------+-------+-----
Dodging        | 1 |  1.1
Short Blades   | 1 |  1.0
Armour         | 2 |  2.0
Stealth        | 1 |  1.1
Evocations     | 4 |  4.0
Fighting       | |  1.1
Throwing       | |  0.1

Action                     || total
---------------------------++-------
  Melee: Short sword       ||   100
  Throw: Dart              ||     5
  Evoke: Wand              ||     9
   Stab: Sleeping          ||     1
 Armour: Leather armour    ||    60
         Chain mail        ||    37
  Dodge: Dodged            ||    74
  Block: Buckler           ||    10

Table legend: (Time is in decaauts)
 A = Elapsed time spent in this place.
 B = Non-inter-level travel time spent in this place.
 C = Inter-level travel time spent in this place.
 D = Time resting spent in this place.
 E = Time spent auto-exploring this place.
 F = Levels seen in this place.
 G = Mean time per level.
                   A        B        C        D        E       F      G
               +--------+--------+--------+--------+--------+-----+--------+
         Total |    935 |    927 |      8 |      0 |     23 |   3 |  311.7 |
       Dungeon |    935 |    927 |      8 |      0 |     23 |   3 |  311.7 |
               +--------+--------+--------+--------+--------+-----+--------+

Top non-repeatable levels by time:
     D:1: 724 daAuts
     D:2: 125 daAuts
     D:3: 85 daAuts
